 Dungeon Crawl Stone Soup version 0.26.1-2-gb8aa6d0cf2 (webtiles) character file.

Game seed: 1656830727390267073

219 Gadfly the Shield-Bearer (level 6, 0/42 HPs)
             Began as a Halfling Fighter on Feb 15, 2021.
             Killed by divine providence
             ... invoked by an orc priest
              (12 damage)
             ... on level 3 of the Dungeon.
             The game lasted 00:03:45 (2323 turns).

Gadfly the Shield-Bearer (Halfling Fighter)         Turns: 2323, Time: 00:03:45

Health: 0/42       AC: 11    Str: 19    XL:     6   Next: 17%
Magic:  7/7        EV:  9    Int:  6    God:
Gold:   60         SH: 10    Dex: 14    Spells: 5/5 levels left

rFire    . . .     SeeInvis .   a - +1 rapier
rCold    . . .     Faith    .   c - +0 kite shield
rNeg     . . .     Spirit   .   b - +0 scale mail
rPois    .         Reflect  .   (no helmet)
rElec    .         Harm     .   l - +2 cloak {rCorr}
rCorr    +         Rampage  .   p - +0 pair of gloves
Will     .....                  (no boots)
Stlth    ..........             (no amulet)
HPRegen  0.14/turn              (no ring)
MPRegen  0.10/turn              (no ring)

@: no status effects
A: small, mutation resistance 1
a: no special abilities


You were on level 3 of the Dungeon.
You visited 1 branch of the dungeon, and saw 3 of its levels.

You collected 60 gold pieces.

Inventory:

Hand Weapons
 a - a +1 rapier (weapon)
Missiles
 f - 154 stones (quivered)
 o - 12 sling bullets
Armour
 b - a +0 scale mail (worn)
 c - a +0 kite shield (worn)
 j - a scarf of harm
 l - a +2 cloak of preservation (worn)
 p - a +0 pair of gloves (worn)
Jewellery
 k - an uncursed ring of ice
Scrolls
 e - a scroll of fear
 g - 2 scrolls of enchant weapon
 h - a scroll of remove curse
 i - a scroll of teleportation
Potions
 d - 2 potions of might
 m - a potion of ambrosia {unknown}
 n - 2 potions of berserk rage {unknown}
 s - a potion of mutation
 t - a potion of magic
 u - a potion of lignification


   Skills:
 + Level 3.1 Fighting
 * Level 3.8 Short Blades
 + Level 2.0 Slings
 + Level 3.7 Armour
 + Level 3.8 Shields
 * Level 2.3 Invocations
 * Level 2.3 Evocations


You had 5 spell levels left.
You didn't know any spells.
Your spell library was empty.

Dungeon Overview and Level Annotations

Branches:
Dungeon (3/15)

Altars:
Gozag
Hepliaklqana
Qazlal
Vehumet


Innate Abilities, Weirdness & Mutations

You are small and have problems with some larger weapons.
You are somewhat resistant to further mutation.


Message History

The orc priest calls down the wrath of Beogh upon you.
Beogh smites you!
* * * LOW HITPOINT WARNING * * *
You hit the orc priest but do no damage.
The orc hits you with a +0 club.
* * * LOW HITPOINT WARNING * * *
The orc priest calls upon Beogh to heal the orc.
The orc's wounds heal themselves!
You hit the orc priest.
The orc priest is moderately wounded.
The orc hits you but does no damage. The orc priest hits you with a +0 mace.
* * * LOW HITPOINT WARNING * * *
You feel better. The orc hits you but does no damage.
The orc priest casts a cantrip, but nothing happens.
You barely miss the orc priest.
The orc priest is moderately wounded.
You block the orc's attack.
The orc priest calls down the wrath of Beogh upon you.
Beogh smites you!
You die...

#.# #.. ..# ## #.# ##.# #.#
###. .. ..# #..# # #.#.....#
# #. #.# #..#.# #.#.##..
#.##.##.###..#.# #.#.##..
.............# #.#.##.#
#.##.###oo#### #.#.##.#
#..)..((@..).# #....#.##
#....(..(..).##$# #.†......
##.########.###.####.†..#.##
# #............##.##
#####........##.##
######.#.##.## #...##.##
######... #...


You could see an orc priest and an orc.

Vanquished Creatures
  2 orc priests (D:3)
  Jessica (D:2)
  Terence (D:2)
  4 gnolls
  2 worms
  3 dart slugs
  4 leopard geckos
  4 orcs (D:3)
  A ball python (D:2)
  3 giant cockroaches
  2 goblins (D:2)
  3 hobgoblins
  7 jackals
  7 kobolds
  3 bats
  3 frilled lizards
  4 rats
54 creatures vanquished.

Notes
Turn   | Place    | Note
-------+----------+-------------------------------------------
     0 | D:1      | Gadfly the Halfling Fighter began the quest for the Orb.
     0 | D:1      | Reached XP level 1. HP: 15/15 MP: 1/1
   458 | D:1      | Reached XP level 2. HP: 18/20 MP: 2/2
   774 | D:1      | Reached XP level 3. HP: 19/25 MP: 3/3
   908 | D:2      | Reached skill level 1 in Evocations
   918 | D:2      | Reached skill level 1 in Invocations
   983 | D:2      | Noticed Jessica
   988 | D:2      | Killed Jessica
   989 | D:2      | Reached skill level 1 in Slings
   989 | D:2      | Reached XP level 4. HP: 27/30 MP: 4/4
  1210 | D:2      | Found a stormy altar of Qazlal.
  1456 | D:2      | Found a hazy altar of Hepliaklqana.
  1460 | D:2      | Noticed Terence
  1477 | D:2      | Killed Terence
  1670 | D:2      | Found an opulent altar of Gozag.
  1675 | D:2      | Reached XP level 5. HP: 36/36 MP: 6/6
  2025 | D:3      | Found a radiant altar of Vehumet.
  2249 | D:3      | Reached XP level 6. HP: 19/42 MP: 7/7
  2321 | D:3      | HP: 2/42 [orc priest/+0 mace (2)]
  2323 | D:3      | Killed from afar by an orc priest

Illustrated notes

Levels and vault maps discovered:
D:1:      dpeg_arrival_three_smaller_balls, layout_loops_ring,
          minmay_misc_feat_ornament
D:2:      layout_basic, overflow_temple_1_default, grunt_qazlal_sundering,
          lemuel_doored_altar, serial_park_tiny_pond, grunt_ministairs_15,
          uniq_jessica, uniq_terence
D:3:      layout_loops_ring, general_overflow_altar, cheibriados_altar_2,
          uniq_natasha, uniq_robin

Skill      XL: |  1  2  3  4  5 |
---------------+----------------+-----
Evocations     | 1 2 |  2.3
Invocations    | 1 2 |  2.3
Short Blades   | 3 |  3.8
Slings         | 1 2 |  2.0
Fighting       | 3 |  3.1
Armour         | |  3.7
Shields        | |  3.8

Action                   |  1- 3 |  4- 6 || total
-------------------------+-------+-------++-------
Melee: Rapier            |    57 |   129 ||   186
  Use: Scroll            |       |    11 ||    11
       Potion            |       |     2 ||     2
Armor: Scale mail        |    19 |    57 ||    76
Dodge: Dodged            |    24 |    63 ||    87
Block: Kite shield       |    31 |    66 ||    97
